 Dungeon Sprint DCSS version 0.30.0-15-g856e2d3f33 (webtiles) character file.

Game seed: 5851203974582407731

8400000 GloriousHammer the Conqueror (level 27, -55/239 (292) HPs)
             Began as an Armataur Monk on May 20, 2023.
             Was the Champion of Makhleb.
             Killed from afar by a wretched soul (133 damage)
             ... with a bolt of negative energy
             ... in the Dungeon (Sprint VIII: "Arena of Blood").
             The game lasted 00:12:00 (84 turns).

GloriousHammer the Conqueror (Armataur Monk)          Turns: 84, Time: 00:12:00

HP:   -55/239 (292) AC:  6    Str: 21    XL:     27
MP:   25/50         EV: 30    Int: 11    God:    Makhleb [******]
Gold: 0             SH:  0    Dex: 22    Spells: 72/72 levels left

rFire   . . .        k - +∞ Axe of Woe
rCold   . . .        (shield currently unavailable)
rNeg    . . .        b - +0 robe
rPois   .            (no helmet)
rElec   .            (no cloak)
rCorr   .            (no gloves)
SInv    .            (no barding)
Will    ++...        (no amulet)
Stlth   ++++++++++   (no ring)
HPRegen 0.59/turn    (no ring)
MPRegen 0.32/turn

%: no teleportation, roll
@: heavily drained
A: large, rugged brown scales 3, deformed body, armoured tail, roll, long
tongue, awkward tongue
a: Renounce Religion, Minor Destruction, Lesser Servant of Makhleb, Major
Destruction, Greater Servant of Makhleb


You were in the Dungeon.
You worshipped Makhleb.
Makhleb was exalted by your worship.
You visited 1 branch

Inventory:

Hand Weapons
 a - a +0 hand axe
 k - the +∞ Axe of Woe (weapon)
   (You found it in the Dungeon)
Armour
 b - a +0 robe (worn)
 d - an orb of light
Potions
 c - a potion of ambrosia
 e - a potion of curing
 f - a potion of heal wounds
 g - a potion of haste
 h - 2 potions of magic
 i - a potion of berserk rage


   Skills:
 O Level 27 Fighting
 + Level 25.2(27) Short Blades
 + Level 24.7(27) Long Blades
 O Level 27 Axes
 + Level 24.8(27) Maces & Flails
 + Level 23.0(27) Polearms
 + Level 24.7(27) Staves
 + Level 21.3 Ranged Weapons
 + Level 24.9 Throwing
 O Level 27 Armour
 O Level 27 Dodging
 O Level 27 Stealth
 O Level 27 Shields
 + Level 24.9 Unarmed Combat
 + Level 23.1 Spellcasting
 + Level 26.8 Conjurations
 + Level 25.2 Hexes
 + Level 23.3 Summonings
 + Level 23.3 Necromancy
 O Level 27 Translocations
 + Level 25.2 Transmutations
 + Level 25.2 Fire Magic
 + Level 25.2 Ice Magic
 + Level 25.2 Air Magic
 O Level 27 Earth Magic
 O Level 27 Poison Magic
 O Level 27 Invocations
 O Level 27 Evocations


You had 72 spell levels left.
You didn't know any spells.
Your spell library was empty.

Dungeon Overview and Level Annotations

Branches:
Dungeon (1/1)

Altars:
Makhleb

Annotations:
D The Servant


Innate Abilities, Weirdness & Mutations

You are completely covered in rugged brown scales. (AC +3, +7% HP)
Armour fits poorly on your strangely shaped body.
You have a long armoured tail.
You roll when moving toward enemies. (Rampage)
Your long tongue fully drains potion bottles. (2x potion effects)
Your tongue gives you trouble enunciating. (1.5x scroll delay)


Message History

The large bag of meat explodes!
The fiery explosion engulfs you!!
You are engulfed in blazing flames.
* * * LOW HITPOINT WARNING * * *
You hear a shout!
You hear a trumpeting!
You hear a shout! x3
A large bag of meat comes into view. It is wielding a +9 giant spiked club.
You hear a shout! x2
A meat berserker comes into view. It is wielding a +9 battleaxe.
You hear a shout! x2
Your base Long Blades skill increases to level 23!
Your base Maces & Flails skill increases to level 23!
Your base Staves skill increases to level 23!
Your Throwing skill increases to level 23!
Your Unarmed Combat skill increases to level 23!
Your Conjurations skill increases to level 25!
Unknown command.
Unknown command.
Unknown command.
Unknown command.
Unknown command.
Unknown command.
Unknown command.
Okay, then.
You carve the meat beast like a ham!!!
You fatally mangle the meat beast.
You kill the meat beast!
Makhleb accepts your kill.
You feel better.
You are engulfed in blazing flames.
* * * LOW HITPOINT WARNING * * *
You hear a shout!
The meat berserker rages.
You hear a shout!
The dread is engulfed in blazing flames.
The dread calls on the powers of darkness!
The meat berserker convulses!
The bag of meat convulses!
The meat berserker convulses!
Your body is wracked with pain!
* * * LOW HITPOINT WARNING * * *
The bag of meat convulses! x7; The Servant convulses!
The bag of meat convulses! x2
You hear a shout!
Your base Short Blades skill increases to level 24!
Your Ranged Weapons skill increases to level 20!
You have mastered Shields!
Your Spellcasting skill increases to level 22!
Your Hexes skill increases to level 24!
Your Summonings skill increases to level 22!
Your Necromancy skill increases to level 22!
Your Transmutations skill increases to level 24!
Your Fire Magic skill increases to level 24!
Your Ice Magic skill increases to level 24!
Your Air Magic skill increases to level 24!
A meat berserker comes into view. It is wielding a +9 battleaxe.
Unknown command.
Unknown command.
Unknown command.
Unknown command.
Unknown command.
You slice the meat berserker!!
You slaughter the meat berserker joyfully.
You kill the meat berserker!
Makhleb accepts your kill.
You feel better.
You hit the bag of meat.
You cleave the bag of meat in twain.
You kill the bag of meat!
Makhleb accepts your kill.
The meat beast appears out of thin air!
A meat beast comes into view.
You are engulfed in blazing flames.
* * * LOW HITPOINT WARNING * * *
The meat berserker is engulfed in blazing flames.
You hear a shout! x2; The meat beast hisses angrily.
Your Earth Magic skill increases to level 26!
Your Poison Magic skill increases to level 26!
Unknown command.
Unknown command.
You hit the meat berserker but do no damage.
You chop the meat berserker into pieces.
You kill the meat berserker!
Makhleb accepts your kill.
You feel better.
You are engulfed in blazing flames.
* * * LOW HITPOINT WARNING * * *
You hear a shout! x5
The dread is engulfed in blazing flames.
The dread throws damnation at you.
The sphere of damnation explodes!
The damnation engulfs you!!
* * * LOW HITPOINT WARNING * * *
A bag of meat comes into view. It is wielding a +9 war axe.
You hear a shout! x2
Your Translocations skill increases to level 26!
Unknown command.
The bag of meat shouts!
You slash the bag of meat!
You hew the bag of meat savagely.
You kill the bag of meat!
Makhleb accepts your kill.
You feel better.
You slice the bag of meat!!
You fatally mangle the bag of meat.
You blow up the bag of meat!
Makhleb accepts your kill.
You are engulfed in blazing flames.
* * * LOW HITPOINT WARNING * * *
You hear a shout!
The meat berserker rages.
You hear a shout! x2
A bag of meat comes into view. It is wielding a +9 war axe.
The dread is engulfed in blazing flames.
A bag of meat comes into view. It is wielding a +9 war axe.
The bag of meat is engulfed in blazing flames.
You hear a shout! x2; The bag of meat shouts!
You slice the bag of meat!!
You butcher the bag of meat messily.
You kill the bag of meat!
Makhleb accepts your kill.
You feel better.
You are engulfed in blazing flames.
* * * LOW HITPOINT WARNING * * *
You hear a shout! x6
A destroyer comes into view. It is wielding a +9 heavy great sword.
A bag of meat comes into view. It is wielding a +9 war axe. x2
Your base Polearms skill increases to level 22!
The bag of meat shouts!
You hit the dread but do no damage.
You cleave the dread in twain.
You destroy the dread!
Makhleb accepts your kill.
You feel better.
You hit the bag of meat but do no damage.
You slaughter the bag of meat joyfully.
You kill the bag of meat!
Makhleb accepts your kill.
You chop the bag of meat into pieces!!!
You cleave the bag of meat in twain.
You kill the bag of meat!
Makhleb accepts your kill.
The meat beast appears out of thin air!
A meat beast comes into view.
You are engulfed in blazing flames.
You hear a shout! x4
A dread comes into view.
You hear a shout! x2
A dread comes into view.
You hear a shout!
Your base Long Blades skill increases to level 24!
Your base Maces & Flails skill increases to level 24!
Your base Staves skill increases to level 24!
Your Throwing skill increases to level 24!
Your Unarmed Combat skill increases to level 24!
Your Conjurations skill increases to level 26!
Unknown command.
Unknown command.
The meat beast barks!
You slice the meat beast!!
You pulverise the meat beast into a thin bloody mist.
You kill the meat beast!
Makhleb accepts your kill.
You feel better.
You slice the meat berserker!!
You hew the meat berserker savagely.
You kill the meat berserker!
Makhleb accepts your kill.
You feel better.
The meat beast appears out of thin air!
A meat beast comes into view.
You are engulfed in blazing flames.
You hear a shout! x4
The destroyer casts a spell at you.
The destroyer blinks!
You hear a shout!
The dread throws damnation at you.
The sphere of damnation explodes!
The damnation engulfs you!
The meat beast howls!
Your base Short Blades skill increases to level 25!
Your base Polearms skill increases to level 23!
Your Ranged Weapons skill increases to level 21!
Your Spellcasting skill increases to level 23!
Your Hexes skill increases to level 25!
Your Summonings skill increases to level 23!
Your Necromancy skill increases to level 23!
You have mastered Translocations!
Your Transmutations skill increases to level 25!
Your Fire Magic skill increases to level 25!
Your Ice Magic skill increases to level 25!
Your Air Magic skill increases to level 25!
You have mastered Earth Magic!
You have mastered Poison Magic!
A meat berserker comes into view. It is wielding a +9 battleaxe.
Unknown command.
Unknown command.
Blink to where?
Press: ? - help, Dir - move target A meat beast, 3 meat berserkers, 6 bags of meat and an eight-headed meat hydra come into view.
As you slowly read the scroll of blinking, it crumbles to dust.
The bag of meat shouts!
The eight-headed meat hydra roars!
The meat berserker shouts! x3; The bag of meat shouts!
You hear a shout!
A meat beast comes into view.
The meat beast barks, "I shall devour thy eyes!"
You hear a shout! x2
The eight-headed meat hydra calls on the powers of darkness!
The eight-headed meat hydra convulses!
Your body is wracked with pain!
* * * LOW HITPOINT WARNING * * *
You hear a shout!
The meat berserker rages.
You hear a shout!
A destroyer comes into view. It is wielding a +9 heavy great sword.
The meat berserker is engulfed in blazing flames.
You hear a shout!
A bolt of negative energy appears from out of thin air!
Deactivating autopickup; reactivate with Ctrl-A.
The bolt of negative energy hits you!!!!
You feel drained.
Ouch! That really hurt!
You die...

#...Xoo)._.........
z...XX.@L###........o#
....###X)))§§.###..OoV
... #o☼°W§)☼#....Ooo .
#.V)))§§#....oo2
.....°°○°..O....O
......2....ooO..#
..........2..Wo#.
..........{.@##..
...#........#......#
...........{#...###.
#...... ..... .......
....... .#.....
###.... .D..... ....
....... ..#


You could see 3 meat beasts, a tyrant (fast), The Servant, an eight-headed meat
hydra, 2 destroyers, a large bag of meat (inner flame), a large abomination
(summoned), 2 dreads, 4 meat berserkers and 10 bags of meat.

Vanquished Creatures
  Sigmund (D)
  4 hell beasts (D)
  3 royal mummies (D)
  2 wraiths (D)
  12 vampire knights (D)
  37 ogres (D)
  5 two-headed ogres (D)
  4 liches (D)
  A hydra (D)
  55 orcs (D)
  7 skeletal warriors (D)
131 creatures vanquished.

Vanquished Creatures (others)
  An ogre (D)
  2 two-headed ogres (D)
  2 orcs (D)
5 creatures vanquished.

Grand Total: 136 creatures vanquished

Notes
Turn   | Place    | Note
-------+----------+-------------------------------------------
     0 | D        | Found the +∞ Axe of Woe
     0 | D        | GloriousHammer the Armataur Monk began the quest for the
                  | Orb.
     0 | D        | Reached XP level 1. HP: 19/19 MP: 1/1
     1 | D        | Noticed a bag of meat
     1 | D        | Noticed a bag of meat
     1 | D        | Noticed a bag of meat
     2 | D        | Noticed a bag of meat
     2 | D        | Noticed a bag of meat
     3 | D        | Noticed a bag of meat
     3 | D        | Noticed a bag of meat
     6 | D        | Noticed a bag of meat
     6 | D        | Noticed a bag of meat
     7 | D        | Noticed a meat berserker
     8 | D        | Noticed a meat berserker
     8 | D        | Killed a bag of meat
     8 | D        | Killed a bag of meat
     9 | D        | Reached XP level 2. HP: 52/52 MP: 2/2
     9 | D        | Reached XP level 3. HP: 59/59 MP: 3/3
     9 | D        | Reached XP level 4. HP: 67/67 MP: 4/4
     9 | D        | Reached XP level 5. HP: 74/74 MP: 5/5
     9 | D        | Reached XP level 6. HP: 83/83 MP: 6/6
     9 | D        | Reached XP level 7. HP: 90/90 MP: 7/7
     9 | D        | Reached XP level 8. HP: 99/99 MP: 8/8
     9 | D        | Reached XP level 9. HP: 107/107 MP: 9/9
     9 | D        | Reached XP level 10. HP: 114/114 MP: 10/10
     9 | D        | Reached XP level 11. HP: 121/121 MP: 11/11
     9 | D        | Killed a meat berserker
     9 | D        | Killed a bag of meat
     9 | D        | Killed a bag of meat
     9 | D        | Noticed a meat berserker
    10 | D        | Reached XP level 12. HP: 139/139 MP: 11/21
    10 | D        | Reached XP level 13. HP: 147/147 MP: 11/22
    10 | D        | Killed a bag of meat
    10 | D        | Killed a bag of meat
    11 | D        | Reached XP level 14. HP: 159/159 MP: 11/25
    11 | D        | Noticed a bag of meat
    11 | D        | Noticed a bag of meat
    11 | D        | Noticed a meat berserker
    11 | D        | Killed a meat berserker
    11 | D        | Noticed a meat berserker
    12 | D        | Killed a bag of meat
    12 | D        | Killed a bag of meat
    12 | D        | Noticed a bag of meat
    12 | D        | Noticed a meat berserker
    12 | D        | Noticed a meat berserker
    13 | D        | Reached XP level 15. HP: 173/173 MP: 11/27
    13 | D        | Noticed a meat berserker
    13 | D        | Noticed a meat berserker
    14 | D        | Killed a meat berserker
    14 | D        | Killed a meat berserker
    14 | D        | Noticed a meat berserker
    15 | D        | Reached XP level 16. HP: 105/186 MP: 11/30
    15 | D        | Noticed a meat berserker
    15 | D        | Killed a meat berserker
    17 | D        | Became a worshipper of Makhleb the Destroyer
    17 | D        | Reached * piety under Makhleb
    17 | D        | Reached ** piety under Makhleb
    20 | D        | Killed a meat berserker
    20 | D        | Killed a meat berserker
    21 | D        | Reached XP level 17. HP: 63/203 MP: 13/33
    21 | D        | Killed a meat berserker
    21 | D        | Reached *** piety under Makhleb
    21 | D        | Killed a meat berserker
    22 | D        | Reached skill level 27 in Fighting
    22 | D        | Killed a meat berserker
    22 | D        | Reached **** piety under Makhleb
    23 | D        | Reached skill level 27 in Axes
    23 | D        | Reached skill level 27 in Dodging
    23 | D        | Reached skill level 27 in Invocations
    23 | D        | Reached XP level 18. HP: 138/214 MP: 13/35
    23 | D        | Killed a meat berserker
    24 | D        | Reached ***** piety under Makhleb
    24 | D        | Noticed a large bag of meat
    26 | D        | Reached skill level 5 in Armour
    26 | D        | Reached skill level 5 in Stealth
    26 | D        | Noticed a meat berserker
    27 | D        | Reached skill level 5 in Shields
    27 | D        | Reached skill level 5 in Conjurations
    27 | D        | Reached skill level 5 in Translocations
    27 | D        | Reached skill level 5 in Earth Magic
    27 | D        | Reached skill level 5 in Poison Magic
    27 | D        | Reached skill level 5 in Evocations
    28 | D        | Noticed a meat berserker
    28 | D        | Noticed a meat berserker
    28 | D        | Noticed a destroyer
    29 | D        | Reached skill level 5 in Short Blades
    29 | D        | Reached skill level 5 in Long Blades
    29 | D        | Reached skill level 5 in Maces & Flails
    29 | D        | Reached skill level 5 in Staves
    29 | D        | Reached skill level 5 in Throwing
    29 | D        | Reached skill level 5 in Unarmed Combat
    29 | D        | Reached skill level 5 in Hexes
    29 | D        | Reached skill level 5 in Transmutations
    29 | D        | Reached skill level 5 in Fire Magic
    29 | D        | Reached skill level 5 in Ice Magic
    29 | D        | Reached skill level 5 in Air Magic
    29 | D        | Killed a large bag of meat
    29 | D        | Noticed a destroyer
    30 | D        | Reached skill level 5 in Polearms
    30 | D        | Reached skill level 5 in Spellcasting
    30 | D        | Reached skill level 5 in Summonings
    30 | D        | Reached skill level 5 in Necromancy
    30 | D        | Reached XP level 19. HP: 193/221 MP: 14/36
    32 | D        | Reached skill level 5 in Ranged Weapons
    32 | D        | Noticed a destroyer
    33 | D        | Noticed a large bag of meat
    33 | D        | Noticed a destroyer
    33 | D        | Noticed an eight-headed meat hydra
    33 | D        | Noticed a destroyer
    34 | D        | Noticed a destroyer
    34 | D        | Killed a destroyer
    34 | D        | Killed a meat berserker
    34 | D        | Reached ****** piety under Makhleb
    34 | D        | Noticed a meat berserker
    34 | D        | Noticed a meat berserker
    36 | D        | Reached skill level 10 in Armour
    36 | D        | Reached skill level 10 in Stealth
    36 | D        | Killed a destroyer
    36 | D        | Killed a meat berserker
    36 | D        | Killed a destroyer
    37 | D        | Reached skill level 10 in Conjurations
    37 | D        | Reached skill level 10 in Translocations
    37 | D        | Reached skill level 10 in Earth Magic
    37 | D        | Reached skill level 10 in Poison Magic
    37 | D        | Reached XP level 20. HP: 110/231 MP: 16/37
    37 | D        | Killed a meat berserker
    38 | D        | Killed a destroyer
    38 | D        | Noticed a large bag of meat
    39 | D        | Reached skill level 10 in Short Blades
    39 | D        | Reached skill level 10 in Long Blades
    39 | D        | Reached skill level 10 in Maces & Flails
    39 | D        | Reached skill level 10 in Staves
    39 | D        | Reached skill level 10 in Throwing
    39 | D        | Reached skill level 10 in Unarmed Combat
    39 | D        | Reached skill level 10 in Hexes
    39 | D        | Reached skill level 10 in Transmutations
    39 | D        | Reached skill level 10 in Fire Magic
    39 | D        | Reached skill level 10 in Ice Magic
    39 | D        | Reached skill level 10 in Air Magic
    39 | D        | Killed a meat berserker
    41 | D        | Killed a meat berserker
    41 | D        | Killed a destroyer
    41 | D        | Noticed a meat berserker
    42 | D        | Reached skill level 10 in Polearms
    42 | D        | Reached skill level 10 in Spellcasting
    42 | D        | Reached skill level 10 in Summonings
    42 | D        | Reached skill level 10 in Necromancy
    42 | D        | Reached XP level 21. HP: 121/239 MP: 17/38
    42 | D        | Killed a large bag of meat
    42 | D        | Killed a destroyer
    42 | D        | Noticed a destroyer
    44 | D        | Noticed a destroyer
    45 | D        | Killed a large bag of meat
    45 | D        | Killed a large bag of meat
    46 | D        | Noticed a destroyer
    46 | D        | Killed a destroyer
    47 | D        | Reached skill level 10 in Ranged Weapons
    47 | D        | Reached skill level 15 in Armour
    47 | D        | Reached skill level 15 in Stealth
    49 | D        | Reached skill level 15 in Evocations
    50 | D        | Reached skill level 15 in Shields
    50 | D        | Reached XP level 22. HP: 114/249 MP: 18/39
    51 | D        | Noticed an accursed
    51 | D        | Noticed an accursed
    53 | D        | Noticed a tyrant
    54 | D        | Reached skill level 15 in Conjurations
    54 | D        | Reached skill level 15 in Earth Magic
    54 | D        | Reached skill level 15 in Poison Magic
    55 | D        | Reached skill level 15 in Translocations
    56 | D        | Noticed a tyrant
    57 | D        | Reached XP level 23. HP: 226/256 MP: 19/40
    57 | D        | Killed an accursed
    57 | D        | Killed a tyrant
    57 | D        | Noticed a destroyer
    57 | D        | Noticed a large bag of meat
    58 | D        | Reached skill level 15 in Short Blades
    58 | D        | Reached skill level 15 in Long Blades
    58 | D        | Reached skill level 15 in Maces & Flails
    58 | D        | Reached skill level 15 in Staves
    58 | D        | Reached skill level 15 in Throwing
    58 | D        | Reached skill level 15 in Unarmed Combat
    58 | D        | Reached skill level 15 in Hexes
    58 | D        | Reached skill level 15 in Transmutations
    58 | D        | Reached skill level 15 in Fire Magic
    58 | D        | Reached skill level 15 in Ice Magic
    58 | D        | Reached skill level 15 in Air Magic
    58 | D        | Killed a destroyer
    58 | D        | Noticed a large bag of meat
    59 | D        | Killed a tyrant
    60 | D        | Reached skill level 15 in Polearms
    60 | D        | Reached skill level 15 in Spellcasting
    60 | D        | Reached skill level 15 in Summonings
    60 | D        | Reached skill level 15 in Necromancy
    60 | D        | Reached XP level 24. HP: 266/266 MP: 20/42
    60 | D        | Noticed a tyrant
    61 | D        | Noticed a destroyer
    62 | D        | Noticed The Captor
    62 | D        | Noticed a tyrant
    63 | D        | Noticed a tyrant
    63 | D        | Noticed a dread
    63 | D        | Noticed a meat beast
    63 | D        | Noticed an accursed
    63 | D        | Killed a destroyer
    63 | D        | Noticed a large bag of meat
    63 | D        | Noticed a dread
    64 | D        | Reached skill level 15 in Ranged Weapons
    65 | D        | Noticed a meat beast
    67 | D        | Reached XP level 25. HP: 265/274 MP: 21/43
    67 | D        | Killed The Captor
    67 | D        | Killed a large bag of meat
    67 | D        | Killed a meat beast
    67 | D        | Noticed a destroyer
    68 | D        | Reached XP level 26. HP: 53/284 MP: 22/45
    69 | D        | Killed a meat beast
    69 | D        | Noticed The Servant
    70 | D        | Reached XP level 27. HP: 32/292 MP: 22/46
    70 | D        | Killed a destroyer
    70 | D        | Killed a destroyer
    71 | D        | Killed a tyrant
    71 | D        | Killed a large bag of meat
    72 | D        | Reached skill level 27 in Armour
    72 | D        | Reached skill level 27 in Stealth
    72 | D        | Killed a tyrant
    72 | D        | Killed an accursed
    72 | D        | Noticed a meat beast
    72 | D        | Noticed a dread
    73 | D        | Killed an accursed
    74 | D        | Killed a dread
    75 | D        | Killed a destroyer
    76 | D        | Reached skill level 27 in Evocations
    76 | D        | Killed a large bag of meat
    76 | D        | Noticed a large bag of meat
    77 | D        | Killed a meat beast
    78 | D        | Reached skill level 27 in Shields
    78 | D        | Noticed a meat beast
    81 | D        | Noticed a destroyer
    82 | D        | Killed a dread
    82 | D        | Noticed a dread
    82 | D        | Noticed a dread
    83 | D        | Noticed a meat beast
    83 | D        | Killed a meat beast
    83 | D        | Noticed a meat beast
    84 | D        | Reached skill level 27 in Translocations
    84 | D        | Reached skill level 27 in Earth Magic
    84 | D        | Reached skill level 27 in Poison Magic
    84 | D        | Noticed a meat beast
    84 | D        | Noticed a meat beast
    84 | D        | Noticed a destroyer
    84 | D        | Killed from afar by a wretched soul

Illustrated notes

Levels and vault maps discovered:
D:        meatsprint

Skill      XL: |  1  2  3  4  5  6  7  8  9 10 11 12 13 14 15 16 17 18 19 20 21 22 23 24 25 26 27 |
---------------+----------------------------------------------------------------------------------+-----
Fighting       | 16 19 20 22 24 26 27 | 27.0
Axes           | 14 17 19 20 22 24 27 | 27.0
Dodging        | 13 16 17 19 20 22 27 | 27.0
Invocations    | 12 14 17 20 24 27 | 27.0
Short Blades   | 5 9 11 12 14 16 18 20 21 25 | 25.2
Long Blades    | 5 9 11 12 14 16 18 20 21 24 | 24.7
Maces & Flails | 5 9 11 12 14 16 18 20 21 24 | 24.8
Polearms       | 5 8 10 11 13 15 16 18 19 23 | 23.0
Staves         | 5 9 11 12 14 16 18 20 21 24 | 24.7
Ranged Weapons | 4 7 9 10 12 14 15 17 18 21 | 21.3
Throwing       | 5 9 11 12 14 16 18 20 21 24 | 24.9
Armour         | 7 12 14 16 18 20 22 25 26 27 | 27.0
Stealth        | 7 12 14 16 18 20 22 25 26 27 | 27.0
Shields        | 7 11 13 15 17 19 21 23 24 27 | 27.0
Unarmed Combat | 5 9 11 12 14 16 18 20 21 24 | 24.9
Spellcasting   | 5 8 10 11 13 15 16 18 19 23 | 23.1
Conjurations   | 6 10 12 14 16 18 20 22 23 26 | 26.8
Hexes          | 5 9 11 12 14 16 18 20 21 25 | 25.2
Summonings     | 5 8 10 11 13 15 16 18 19 23 | 23.3
Necromancy     | 5 8 10 11 13 15 16 18 19 23 | 23.3
Translocations | 6 10 12 13 15 17 19 21 22 27 | 27.0
Transmutations | 5 9 11 12 14 16 18 20 21 25 | 25.2
Fire Magic     | 5 9 11 12 14 16 18 20 21 25 | 25.2
Ice Magic      | 5 9 11 12 14 16 18 20 21 25 | 25.2
Air Magic      | 5 9 11 12 14 16 18 20 21 25 | 25.2
Earth Magic    | 6 10 12 14 16 18 20 22 23 27 | 27.0
Poison Magic   | 6 10 12 14 16 18 20 22 23 27 | 27.0
Evocations     | 7 11 13 15 17 19 21 24 25 27 | 27.0

Action                     |  1- 3 |  4- 6 |  7- 9 | 10-12 | 13-15 | 16-18 | 19-21 | 22-24 | 25-27 || total
---------------------------+-------+-------+-------+-------+-------+-------+-------+-------+-------++-------
  Melee: Executioner's axe |     1 |       |       |     1 |     4 |    11 |    15 |    17 |    17 ||    66
 Invoke: Major Destruction |       |       |       |       |       |     1 |       |       |       ||     1
    Use: Scroll            |       |       |       |       |       |       |       |       |     1 ||     1
  Dodge: Dodged            |       |       |       |       |       |       |       |     1 |       ||     1
